 Dungeon Crawl Stone Soup version 0.30-a0-867-g305f33218d (webtiles) character file.

Game seed: 8878111299595562934

192 avis the Shooter (level 5, -5/46 HPs)
             Began as a Demigod Hunter on Mar 11, 2023.
             Succumbed to a kobold brigand's poison
             ... in a sewer.
             The game lasted 00:19:22 (1844 turns).

avis the Shooter (Demigod Hunter)                   Turns: 1844, Time: 00:19:24

Health: -5/46      AC:  7    Str: 14    XL:     5   Next: 19%
Magic:  7/7        EV: 13    Int: 11    God:
Gold:   58         SH:  0    Dex: 21    Spells: 4/4 levels left

rFire   + . .      SeeInvis .    b - +0 shortbow
rCold   + . .      Faith    .    (shield currently unavailable)
rNeg    . . .      Spirit   .    q - +1 leather armour of Vexation {Will+ Str+2}
rPois   +          Reflect  .    f - +0 helmet
rElec   +          Rampage  .    k - +0 cloak
rCorr   +                        c - +0 pair of gloves
Will    +....                    (no boots)
Stlth   ++                       (no amulet)
HPRegen 0.27/turn                (no ring)
MPRegen 0.10/turn                (no ring)

@: lethally poisoned (-5 -> -34), resistant
A: high MP 1, forlorn, divine attributes
a: no special abilities


You were in a sewer.
You visited 1 branch of the dungeon, and saw 3 of its levels.
You also visited: Sewer.

You collected 58 gold pieces.

Inventory:

Hand Weapons
 a - a +0 dagger
 b - a +0 shortbow (weapon)
 u - a +0 short sword of holy wrath
 w - the +10 whip of Kismet {freeze, Fragile rN+ Will+++ MP+9}
   (You found it on level 2 of the Dungeon)

   rN:        It protects you from negative energy.
   MP:        It affects your magic capacity (+9).
   Fragile:   It will be destroyed if unequipped.
   Will:      It greatly increases your willpower.
Armour
 c - a +0 pair of gloves (worn)
 f - a +0 helmet (worn)
 k - a +0 cloak (worn)
 l - a scarf of invisibility
 q - the +1 leather armour of Vexation (worn) {Will+ Str+2}
   (You found it on level 2 of the Dungeon)

   Str:       It affects your strength (+2).
   Will:      It increases your willpower.
Wands
 r - a wand of paralysis (6)
Scrolls
 d - a scroll of enchant armour {unknown}
 e - 2 scrolls of immolation
 j - a scroll of amnesia {unknown}
 m - a scroll of blinking {unknown}
 o - 3 scrolls of identify {unknown}
 t - 2 scrolls of enchant weapon {unknown}
Potions
 g - a potion of ambrosia {unknown}
 i - a potion of experience {unknown}
 p - a potion of brilliance {unknown}
 s - a potion of degeneration {unknown}


   Skills:
 * Level 3.9 Fighting
 - Level 4.0 Ranged Weapons
 - Level 3.0 Dodging
 - Level 2.0 Stealth


You had 4 spell levels left.
You didn't know any spells.
Your spell library contained the following spells:

 Spells                   Type           Power      Damage    Failure   Level
 Shock                    Conj/Air       0%         1d3       41%         1


Dungeon Overview and Level Annotations

Branches:
Dungeon (3/15)              Sewer (1/1)

Shops:
D:2 [


Innate Abilities, Weirdness & Mutations

You have an increased reservoir of magic. (+10% MP)
You shall have no god before yourself.
Your divine heritage dramatically boosts your attributes as you level up.


Message History

Press: ? - help, Q - select action, (/) - cycle Shift-Dir - straight line, f/p - kobold brigand
Aim: a kobold brigand, wielding a +1 dagger of venom and quivering curare-tipped darts (severely wounded, 59% to hit)
You shoot an arrow.
The arrow closely misses the kobold brigand.
The kobold brigand hits you with a +1 dagger of venom.
You are poisoned.
The kobold brigand hits you but does no damage.
You are more poisoned.
Fire: b) +0 shortbow
Press: ? - help, Q - select action, (/) - cycle Shift-Dir - straight line, f/p - kobold brigand
Aim: a kobold brigand, wielding a +1 dagger of venom and quivering curare-tipped darts (severely wounded, 59% to hit)
You shoot an arrow. The arrow hits the kobold brigand.
The kobold brigand is almost dead.
You feel extremely sick. The kobold brigand barely misses you.
The kobold brigand hits you but does no damage.
You are lethally poisoned!
Fire: b) +0 shortbow
Press: ? - help, Q - select action, (/) - cycle Shift-Dir - straight line, f/p - kobold brigand
Aim: a kobold brigand, wielding a +1 dagger of venom and quivering curare-tipped darts (almost dead, 59% to hit)
You shoot an arrow. The arrow hits the kobold brigand.
The kobold brigand is almost dead.
* * * LOW HITPOINT WARNING * * *
You feel extremely sick.
The kobold brigand completely misses you.
The kobold brigand closely misses you.
Fire: b) +0 shortbow
Press: ? - help, Q - select action, (/) - cycle Shift-Dir - straight line, f/p - kobold brigand
Aim: a kobold brigand, wielding a +1 dagger of venom and quivering curare-tipped darts (almost dead, 59% to hit)
You shoot an arrow. The arrow misses the kobold brigand.
* * * LOW HITPOINT WARNING * * *
You feel very sick.
The kobold brigand hits you but does no damage.
You are more poisoned.
The kobold brigand hits you with a +1 dagger of venom.
* * * LOW HITPOINT WARNING * * *
You are more poisoned.
It was a potion of resistance.
You feel protected.
You feel yourself speed up.
You die...

#~# #~# ### #~# ##..#
#~# ##.~..#########~##
#.~≈~.#....~..~~~######
#..~..#~)~~~~.~~...~...
#.....#.(≈≈≈~~~~~~~≈~~~
#....K@.~≈≈≈≈≈≈≈≈≈≈≈≈≈≈
##....#~~≈≈≈~~~~~~~~~~~
#.....#.~~~~~...~......
#..##.##..~~~.....###.##
## ## ############ ∩# ##


You could see a kobold brigand.

Vanquished Creatures
  Ijyb (D:3)
  Terence (D:3)
  An iguana (D:3)
  A gnoll (D:3)
  3 adders
  2 worms (D:2)
  3 dart slugs
  2 orcs (D:3)
  4 ball pythons
  5 bats
  6 endoplasms
  4 giant cockroaches
  7 goblins
  4 hobgoblins
  A quokka (D:2)
  6 frilled lizards
  8 kobolds
  10 rats
69 creatures vanquished.

Notes
Turn   | Place    | Note
-------+----------+-------------------------------------------
     0 | D:1      | avis the Demigod Hunter began the quest for the Orb.
     0 | D:1      | Reached XP level 1. HP: 17/17 MP: 3/3
   171 | D:1      | Reached skill level 4 in Ranged Weapons
   210 | D:1      | Reached XP level 2. HP: 24/24 MP: 4/4
   228 | D:1      | Reached skill level 1 in Stealth
   961 | D:2      | Reached XP level 3. HP: 28/30 MP: 5/5
  1015 | D:2      | Identified the +1 leather armour of Vexation {Will+ Str+2}
  1047 | D:2      | Identified the +10 whip of Kismet {freeze, Fragile rN+
                  | Will+++ MP+9}
  1073 | D:2      | Got Plato's Reference Book on the Birds
  1122 | D:2      | Found Kaogac's Antique Armour Emporium.
  1429 | D:3      | Noticed a steam dragon
  1488 | D:3      | Reached XP level 4. HP: 38/38 MP: 6/6
  1577 | D:3      | Noticed Terence
  1590 | D:3      | Killed Terence
  1667 | D:3      | Noticed Ijyb
  1678 | D:3      | Paralysed by Ijyb for 3 turns
  1691 | D:3      | Killed Ijyb
  1692 | D:3      | Reached XP level 5. HP: 37/46 MP: 7/7
  1775 | D:3      | Found a glowing drain.
  1781 | Sewer    | Entered a sewer
  1844 | Sewer    | Succumbed to a kobold brigand's poison

Illustrated notes

Levels and vault maps discovered:
D:1:      dpeg_arrival_rooms_with_view, layout_basic
D:2:      layout_rooms, shapermc_ecumenical_altar_rom_forum, serial_shops,
          shop_statue
D:3:      minmay_inner_zag, layout_basic, serial_curves, eino_curves_03,
          eino_curves_03, portal_sewer_entry_e, gammafunk_ghost_cemetery,
          st_stairs_1, uniq_natasha, uniq_terence, uniq_ijyb
Sewer:    sewer_kobolds

Skill      XL: |  1  2  3  4 |
---------------+-------------+-----
Fighting       | 2 3 |  3.9
Ranged Weapons | 4 |  4.0
Dodging        | 2 3 |  3.0
Stealth        | 1 2 |  2.0

Action                     |  1- 3 |  4- 6 || total
---------------------------+-------+-------++-------
   Fire: Shortbow          |   115 |    88 ||   203
    Use: Potion            |       |     3 ||     3
 Armour: Ring mail         |    16 |       ||    16
         Leather armour    |    16 |    21 ||    37
  Dodge: Dodged            |    54 |    42 ||    96

Table legend: (Time is in decaauts)
 A = Elapsed time spent in this place.
 B = Non-inter-level travel time spent in this place.
 C = Inter-level travel time spent in this place.
 D = Time resting spent in this place.
 E = Time spent auto-exploring this place.
 F = Levels seen in this place.
 G = Mean time per level.
                   A        B        C        D        E       F      G
               +--------+--------+--------+--------+--------+-----+--------+
         Total |   1938 |   1804 |    134 |     24 |    944 |   4 |  484.5 |
       Dungeon |   1848 |   1714 |    134 |     24 |    944 |   3 |  616.0 |
         Sewer |     90 |     90 |      0 |      0 |      0 |   1 |   90.0 |
               +--------+--------+--------+--------+--------+-----+--------+

Top non-repeatable levels by time:
     D:1: 993 daAuts
     D:2: 457 daAuts
     D:3: 397 daAuts
   Sewer: 90 daAuts
